 Dungeon Crawl Stone Soup version 0.27-a0-1384-g1422d76b99 (webtiles) character file.

Game seed: 16596425524597016172

100 robertstho the Sneak (level 4, -2/44 HPs)
             Began as a Troll Delver on June 30, 2021.
             Was an Initiate of Okawaru.
             Slain by a mummy (16 damage)
             ... in an ossuary.
             The game lasted 00:03:26 (449 turns).

robertstho the Sneak (Troll Delver)                  Turns: 449, Time: 00:03:27

Health: -2/44      AC:  4    Str: 21    XL:     4   Next: 46%
Magic:  3/3        EV: 10    Int:  6    God:    Okawaru [......]
Gold:   13         SH:  0    Dex: 11    Spells: 3/3 levels left

rFire    . . .     SeeInvis .     - Unarmed
rCold    . . .     Faith    .   (no shield)
rNeg     . . .     Spirit   .   a - +0 robe
rPois    .         Reflect  .   (helmet restricted)
rElec    .         Harm     .   (no cloak)
rCorr    .         Rampage  .   (gloves unavailable)
Will     .....                  (boots unavailable)
Stlth    ++........             (no amulet)
HPRegen  1.14/turn              (no ring)
MPRegen  0.08/turn              (no ring)

@: no status effects
A: large, unfitting armour, claws 3, regeneration 1, shaggy fur 1, tough skin 1
a: Renounce Religion


You were in an ossuary.
You worshipped Okawaru.
Okawaru was noncommittal.
You visited 2 branches of the dungeon, and saw 3 of its levels.
You also visited: Ossuary.

You collected 13 gold pieces.

Inventory:

Armour
 a - a +0 robe (worn)
Jewellery
 g - a ring of ice
Wands
 f - a wand of digging (3)
Scrolls
 b - a scroll of fog
 c - a scroll of magic mapping
 h - a scroll of teleportation {unknown}


   Skills:
 + Level 2.8 Fighting
 + Level 1.9 Dodging
 - Level 3.2 Stealth
 + Level 2.9 Unarmed Combat
 * Level 1.2 Invocations


You had 3 spell levels left.
You didn't know any spells.
Your spell library was empty.

Dungeon Overview and Level Annotations

Branches:
Dungeon (5/15)             Temple (1/1) D:5         Ossuary (1/1)

Altars:
Ashenzari
Dithmenos
Elyvilon
Gozag
Makhleb
Nemelex Xobeh
Okawaru
Qazlal
Trog
Wu Jian
Xom
Yredelemnul
Zin

Annotations:
D:4 Blork the orc
D:5 Edmund


Innate Abilities, Weirdness & Mutations

You are too large for most types of armour.
You have claws for hands.
Your natural rate of healing is unusually fast.
You are covered in fur. (AC +1)
You have tough skin. (AC +1)


Message History

The hobgoblin zombie closely misses you.
You claw the hobgoblin zombie!
You destroy the hobgoblin zombie!
Okawaru accepts your kill.
There is a gate leading back out of this place here.
You scratch the mummy but do no damage. The mummy barely misses you.
You claw the mummy!
The mummy is heavily damaged.
You claw the mummy!
You destroy the mummy!
Okawaru accepts your kill.
Your Invocations skill increases to level 1!
You have reached level 4!
You claw the mummy!
The mummy is heavily damaged.
The mummy barely misses you.
You claw the mummy!
You destroy the mummy!
Okawaru accepts your kill. 2 mummies come into view.
You claw the mummy!
The mummy is heavily damaged.
The mummy hits you but does no damage. The mummy hits you!
You claw the mummy!
The mummy is almost destroyed.
You barely miss the mummy.
The mummy is almost destroyed.
The mummy hits you! The mummy barely misses you.
You claw the mummy!
You destroy the mummy!
Okawaru accepts your kill. The mummy hits you!
* * * LOW HITPOINT WARNING * * *
Unknown command.
You claw the mummy!
The mummy is severely damaged.
You scratch the mummy but do no damage.
The mummy is severely damaged.
The mummy hits you!
You die...

..M##....##.M...
................
...............
..............#
#........#
#......#
##....## #..M.#
#...@# #....#
#....# #....#
#....# #....#
#.∩∩.# ######


You could see a mummy.

Vanquished Creatures
  A centaur skeleton (D:5)
  5 mummies (Ossuary)
  An endoplasm (D:4)
  5 hobgoblin zombies (Ossuary)
  A kobold zombie (Ossuary)
  2 orc zombies (Ossuary)
15 creatures vanquished.

Notes
Turn   | Place    | Note
-------+----------+-------------------------------------------
     0 | D:5      | robertstho the Troll Delver began the quest for the Orb.
     0 | D:5      | Reached XP level 1. HP: 22/22 MP: 0/0
     7 | D:4      | Noticed Blork the orc
    34 | D:4      | Noticed an orc wizard
    37 | D:4      | Noticed an orc warrior
    38 | D:4      | Noticed an orc wizard
    77 | D:5      | Found a staircase to the Ecumenical Temple.
    88 | D:5      | Noticed a phantom
    93 | D:5      | Reached skill level 3 in Stealth
    93 | D:5      | Reached XP level 2. HP: 28/29 MP: 1/1
    93 | D:5      | Reached XP level 3. HP: 35/36 MP: 2/2
    94 | Temple   | Entered the Ecumenical Temple
   191 | Temple   | Became a worshipper of Warmaster Okawaru
   216 | D:5      | HP: 1/36 [phantom (8)]
   223 | D:5      | Noticed Edmund
   275 | D:5      | Found a sand-covered staircase.
   279 | Ossuary  | Entered an ossuary
   414 | Ossuary  | Reached skill level 1 in Invocations
   414 | Ossuary  | Reached XP level 4. HP: 44/44 MP: 3/3
   449 | Ossuary  | Slain by a mummy

Illustrated notes

Levels and vault maps discovered:
D:4:      black_bear_nest_1, layout_cave_pods, lemuel_doored_altar,
          kennysheep_another_room, guppyfry_early_lair_pool, uniq_blork_the_orc
D:5:      layout_cave_pools, minmay_temple_entry_tees,
          nicolae_ossuary_entry_plus, uniq_edmund, uniq_sigmund
Temple:   regret_index_temple_sphere_string
Ossuary:  ossuary_tomb_3

Skill      XL: |  1  2  3 |
---------------+----------+-----
Stealth        | 3 |  3.2
Invocations    | 1 |  1.2
Fighting       | |  2.8
Dodging        | |  1.9
Unarmed Combat | |  2.9

Action                   |  1- 3 |  4- 6 || total
-------------------------+-------+-------++-------
Melee: Unarmed           |    35 |     8 ||    43
  Use: Scroll            |     1 |       ||     1
       Potion            |     1 |       ||     1
 Stab: Sleeping          |     1 |       ||     1
Armor: Robe              |     8 |     1 ||     9
Dodge: Dodged            |    10 |     2 ||    12

Table legend: (Time is in decaauts)
 A = Elapsed time spent in this place.
 B = Non-inter-level travel time spent in this place.
 C = Inter-level travel time spent in this place.
 D = Time resting spent in this place.
 E = Time spent auto-exploring this place.
 F = Levels seen in this place.
 G = Mean time per level.
                   A        B        C        D        E       F      G
               +--------+--------+--------+--------+--------+-----+--------+
         Total |    430 |    409 |     21 |     19 |    101 |   4 |  107.5 |
       Dungeon |    148 |    143 |      5 |     10 |     33 |   2 |   74.0 |
        Temple |    113 |     97 |     16 |      0 |     62 |   1 |  113.0 |
       Ossuary |    168 |    168 |      0 |      9 |      6 |   1 |  168.0 |
               +--------+--------+--------+--------+--------+-----+--------+

Top non-repeatable levels by time:
 Ossuary: 168 daAuts
     D:5: 127 daAuts
  Temple: 113 daAuts
     D:4: 20 daAuts
